 Dungeon Crawl Stone Soup version 0.31-a0-188-g5e087ee2ca (webtiles) character file.

Game seed: 14051758989045034711

63 qw the Shooter (level 3, 0/20 HPs)
             Began as a Deep Elf Hunter on June 23, 2023.
             Succumbed to their own poison gas
             ... on level 2 of the Dungeon.
             The game lasted 00:00:29 (1192 turns).

qw the Shooter (Deep Elf Hunter)                    Turns: 1192, Time: 00:00:30

Health: 0/20       AC:  7    Str: 16    XL:     3   Next: 89%
Magic:  5/5        EV: 11    Int: 13    God:
Gold:   92         SH:  0    Dex: 18    Spells: 2/2 levels left

rFire   . . .        Y - +1 shortbow (freeze)
rCold   . . .        (shield currently unavailable)
rNeg    . . .        f - +0 ring mail
rPois   .            b - +0 helmet
rElec   .            (no cloak)
rCorr   .            d - +0 pair of gloves
SInv    .            (no boots)
Will    .....        (no amulet)
Stlth   +            j - +6 ring of strength
HPRegen 0.23/turn    (no ring)
MPRegen 0.09/turn

%: no passive effects
@: lethally poisoned (0 -> -1), hasted, very quick
A: no striking features
a: no special abilities


You were on level 2 of the Dungeon.
You visited 1 branch of the dungeon, and saw 2 of its levels.

You collected 136 gold pieces.
You spent 44 gold pieces at shops.


   Skills:
 - Level 1.5 Fighting
 + Level 7.3 Ranged Weapons
 - Level 2.4 Dodging
 - Level 1.2 Stealth


You had 2 spell levels left.
You didn't know any spells.
Your spell library was empty.

Inventory:

Hand Weapons
 Y - a +1 shortbow of freezing (weapon)
Armour
 b - a +0 helmet (worn)
 d - a +0 pair of gloves (worn)
 f - a +0 ring mail (worn)
Jewellery
 j - a +6 ring of strength (left hand)
Scrolls
 g - 5 scrolls of identify
 i - a scroll of teleportation
Potions
 h - a potion of haste

Dungeon Overview and Level Annotations

Branches:
Dungeon (2/15)

Altars:

Shops:
D:1 ?


Message History

Where to? (* - list waypoints, Enter - D:2, ? - help)
What level of the Dungeon? (default 1, ? - help) Sorry, I don't know how to get there.
Enter note:
Enter note:
Enter note:
Enter note:
Enter note:
Enter note: Really walk into that cloud of poison gas?
You are engulfed in poison gas.
You are poisoned.
You feel very sick.
1178 ||| Stepping ~*~*~tactically~*~*~ (cloud).
You feel sick.
There is a lethal amount of poison in your body!
You feel sick.
There is a lethal amount of poison in your body!
You feel sick.
There is a lethal amount of poison in your body!
You feel sick.
There is a lethal amount of poison in your body!
You feel sick.
There is a lethal amount of poison in your body!
You feel sick.
There is a lethal amount of poison in your body!
You feel sick.
There is a lethal amount of poison in your body!
You feel sick.
There is a lethal amount of poison in your body!
You feel sick.
There is a lethal amount of poison in your body!
There is a lethal amount of poison in your body!
You feel sick.
There is a lethal amount of poison in your body!
You feel sick.
There is a lethal amount of poison in your body!
There is a lethal amount of poison in your body!
You feel sick.
There is a lethal amount of poison in your body!
You die...

############
#..........####################
#...........0ยค@0..0.00.........
#........0.################...#
###...###### ###.#.# #.###
#..>#.# #.# #.###.# #.# ##.# #..
#.# ### #%.# ### #.# #.## #.## #
#.### #..# ####.######


There were no monsters in sight!

Vanquished Creatures
  3 adders (D:2)
  A worm (D:2)
  A dart slug (D:1)
  4 ball pythons
  3 endoplasms
  A giant cockroach (D:2)
  4 goblins (D:2)
  6 hobgoblins
  3 bats
  3 frilled lizards
  4 rats
33 creatures vanquished.

Notes
Turn   | Place    | Note
-------+----------+-------------------------------------------
     0 | D:1      | qw the Deep Elf Hunter began the quest for the Orb.
     0 | D:1      | Reached XP level 1. HP: 12/12 MP: 3/3
     0 | D:1      | 0 ||| qw: Version: 0.3-a-9-g12657ce
     0 | D:1      | 0 ||| qw: Game counter: 3887
     0 | D:1      | 0 ||| qw: Always use a shield: true
     0 | D:1      | 0 ||| qw: God list: Okawaru
     0 | D:1      | 0 ||| qw: Allow faded altars: false
     0 | D:1      | 0 ||| qw: Do Orc after D:15 true
     0 | D:1      | 0 ||| qw: Do second Lair branch before Depths: true
     0 | D:1      | 0 ||| qw: Lair rune preference: random
     0 | D:1      | 0 ||| qw: Plans: Normal
     0 | D:1      | 0 ||| PLANNING D:1-11
    64 | D:1      | Found a faded altar of an unknown god.
   377 | D:1      | Reached skill level 6 in Ranged Weapons
   377 | D:1      | Reached XP level 2. HP: 16/16 MP: 4/4
   497 | D:1      | Found Neupriocw's Magic Scroll Shoppe.
   506 | D:1      | 506 ||| SHOPLISTING scroll of acquirement (572 gold, have
                  | 68).
   506 | D:1      | 506 ||| SHOPLISTING scroll of enchant weapon (82 gold, have
                  | 68).
   506 | D:1      | 506 ||| BUYING scroll of identify (22 gold).
   506 | D:1      | Bought a scroll of identify for 22 gold pieces
   506 | D:1      | 506 ||| BUYING scroll of identify (22 gold).
   506 | D:1      | Bought a scroll of identify for 22 gold pieces
   506 | D:1      | 506 ||| SHOPLISTING scroll of teleportation (33 gold, have
                  | 24).
   663 | D:1      | 663 ||| UPGRADING to +0 pair of gloves.
   668 | D:1      | 668 ||| UPGRADING to +0 ring mail.
   678 | D:1      | 678 ||| DROPPING +0 leather armour.
   679 | D:1      | 679 ||| READING scroll labelled WUTEFECWEOGU.
   680 | D:1      | 680 ||| READING scroll labelled TEZUQE XYEPREI.
   681 | D:1      | 681 ||| READING 2 scrolls labelled HIUXZY ZYMM.
   684 | D:1      | 684 ||| READING scroll labelled NUOZICS VIOVESAFF.
   685 | D:1      | 685 ||| DRINKING 2 fuming red potions.
   686 | D:1      | 686 ||| READING 4 scrolls of identify.
   686 | D:1      | 686 ||| IDENTIFYING fuming dark potion
   687 | D:1      | 687 ||| DROPPING scroll of butterflies.
   688 | D:1      | 688 ||| DROPPING potion of lignification.
   689 | D:1      | 689 ||| DROPPING potion of invisibility.
   764 | D:2      | Reached XP level 3. HP: 20/20 MP: 5/5
   876 | D:2      | Reached skill level 7 in Ranged Weapons
  1167 | D:2      | 1167 ||| UPGRADING to +0 helmet.
  1172 | D:2      | 1172 ||| UPGRADING to +6 ring of strength.
  1173 | D:2      | 1173 ||| READING scroll labelled CAUKUA QEALO.
  1174 | D:2      | 1174 ||| READING scroll labelled UGABYD KOIMEGH.
  1175 | D:2      | 1175 ||| READING scroll labelled TOVITE LAD.
  1176 | D:2      | 1176 ||| DRINKING 2 golden potions.
  1178 | D:2      | 1178 ||| Stepping ~*~*~tactically~*~*~ (cloud).
  1183 | D:2      | HP: 5/20 [poisoned by you (poison gas)]
  1188 | D:2      | HP: 2/20 [poisoned by you (poison gas)]
  1192 | D:2      | Succumbed to their own poison gas

Levels and vault maps discovered:
D:1:      psy_arrival_radial01, layout_loops_cross,
          ebering_ecumenical_altar_webs, serial_shops, shop,
          nicolae_figureground_sparkle
D:2:      minmay_angry_zag, layout_rooms

Skill      XL: |  1  2  3 |
---------------+----------+-----
Ranged Weapons | 6 7 |  7.3
Fighting       | |  1.5
Dodging        | |  2.4
Stealth        | |  1.2

Action                     || total
---------------------------++-------
   Fire: Shortbow          ||    81
    Use: Scroll            ||     8
         Potion            ||     2
 Armour: Leather armour    ||     2
         Ring mail         ||     7
  Dodge: Dodged            ||    11

Table legend:
 A = Non-vault XP
 B = Vault XP
 C = Vault XP percentage of total XP
 D = Non-vault monster count
 E = Vault monster count
 F = Vault count percentage of total count
                 A         B        C        D         E       F
            +---------+---------+-------+---------+---------+-------
      Total |      78 |      13 |  14.3 |      27 |       6 |  18.2
            +---------+---------+-------+---------+---------+-------
        D:1 |      18 |       0 |   0.0 |      10 |       0 |   0.0
        D:2 |      60 |      13 |  17.8 |      17 |       6 |  26.1
            +---------+---------+-------+---------+---------+-------
